[Event "ICC tourney 2604 (40 5)"]
[Site "Internet Chess Club"]
[Date "2021.06.12"]
[Round "3"]
[White "GAW, CHLOE:K06-16608942"]
[Black "MOHSENIN, CYRUS:K06-17008780"]
[Result "1-0"]
[ICCResult "Black checkmated"]
[WhiteElo "1719"]
[BlackElo "1539"]
[Opening "QGD: exchange, positional line, 5...c6"]
[ECO "D35"]
[NIC "QO.16"]
[Time "17:00:11"]
[PlyCount "115"]
[TimeControl "2400+5"]

1. d4 d5 2. c4 e6 3. Nc3 Nf6 4. cxd5 exd5 5. Bg5 c6 6. e3 Bf5 7. Qf3 Bg6 8.
Bxf6 Qxf6 9. Qxf6 gxf6 10. Nf3 Bd6 11. Kd2 O-O 12. Bd3 Nd7 13. g4 Kg7 14.
h4 h6 15. Rag1 Rfe8 16. g5 fxg5 17. hxg5 h5 18. Nh4 Bc7 19. Nf5+ Kg8 20.
Nh6+ Kg7 21. Be2 f6 22. Bxh5 Bxh5 23. Rxh5 Kg6 24. Rh3 fxg5 25. f4 Bd8 26.
fxg5 Bxg5 27. Rhg3 Kxh6 28. Rxg5 Re6 29. R5g3 Nf6 30. Rh3+ Nh5 31. Rgh1 Re7
32. Rxh5+ Kg6 33. Rh6+ Kf7 34. Rh7+ Ke6 35. Rxe7+ Kxe7 36. Rh7+ Kd6 37.
Rxb7 c5 38. dxc5+ Kxc5 39. Rd7 Rb8 40. Rxd5+ Kc6 41. b3 Rg8 42. Kd3 Rg1 43.
e4 Rg3+ 44. Kc4 Re3 45. Rd2 a6 46. Re2 Rf3 47. e5 Rf8 48. e6 Re8 49. e7 a5
50. Nd5 Kd7 51. Nf6+ Kc8 52. Nxe8 a4 53. Nd6+ Kc7 54. e8=Q axb3 55. Qc8+
Kb6 56. Qc5+ Ka6 57. Qb5+ Ka7 58. Qb7# { Black checkmated } 1-0

[Event "ICC tourney 2604 (40 5)"]
[Site "Internet Chess Club"]
[Date "2021.06.12"]
[Round "3"]
[White "ANANTH, ANANYA:K06-15971911"]
[Black "SATTARU, SRITEJ SAI:K06-16084553"]
[Result "1/2-1/2"]
[ICCResult "Game drawn by mutual agreement"]
[WhiteElo "1663"]
[BlackElo "1796"]
[Opening "Scotch: Blumenfeld attack"]
[ECO "C45"]
[NIC "SO.05"]
[Time "17:00:20"]
[PlyCount "61"]
[TimeControl "2400+5"]

1. e4 e5 2. Nf3 Nc6 3. d4 exd4 4. Nxd4 Bc5 5. Be3 Qf6 6. Nb5 Bxe3 7. fxe3
Qd8 8. Qg4 Nf6 9. Qxg7 Rg8 10. Qh6 Rg6 11. Qf4 d6 12. N1c3 a6 13. Nd4 Qe7
14. Be2 Bd7 15. O-O-O O-O-O 16. Rhf1 Re8 17. Bf3 Ne5 18. Nf5 Bxf5 19. exf5
Rg7 20. e4 Nc4 21. g4 Qe5 22. Qxe5 Nxe5 23. h3 h5 24. gxh5 Rg3 25. Be2 Rxh3
26. Rh1 Re3 27. Bd3 Ned7 28. h6 Rh8 29. Rdg1 Ne5 30. Rg7 c6 31. Kd2 { Game
drawn by mutual agreement } 1/2-1/2

[Event "ICC tourney 2604 (40 5)"]
[Site "Internet Chess Club"]
[Date "2021.06.12"]
[Round "3"]
[White "PATANKAR, VIJAY:K06-16438548"]
[Black "TEITELMAN, AIDEN:K06-15429990"]
[Result "0-1"]
[ICCResult "White checkmated"]
[WhiteElo "940"]
[BlackElo "1710"]
[Opening "Réti: King's Indian attack (Barcza system)"]
[ECO "A07"]
[NIC "QP.09"]
[Time "17:00:16"]
[PlyCount "72"]
[TimeControl "2400+5"]

1. Nf3 d5 2. g3 Nf6 3. Bg2 c6 4. d3 Bf5 5. O-O e6 6. c4 dxc4 7. dxc4 Nbd7
8. b3 h6 9. Bb2 Be7 10. Nc3 O-O 11. Rc1 Qc7 12. e3 Nc5 13. Nd4 Bh7 14. Qf3
Nd3 15. Rc2 Nxb2 16. Rxb2 Ba3 17. Rd2 Bb4 18. Nde2 Qa5 19. Rc1 Ba3 20. Rcd1
Bb4 21. Rc1 Ne4 22. Nxe4 Bxd2 23. Nxd2 Qxd2 24. e4 Rad8 25. Qe3 Qxe3 26.
fxe3 Rd2 27. Nc3 Rfd8 28. Bf1 Rb2 29. Be2 Bxe4 30. Nxe4 Rxe2 31. Nc5 Rdd2
32. Nxb7 Rg2+ 33. Kf1 Rdf2+ 34. Ke1 Rxh2 35. Na5 Rxa2 36. Nxc6 Rh1# { White
checkmated } 0-1

[Event "ICC tourney 2604 (40 5)"]
[Site "Internet Chess Club"]
[Date "2021.06.12"]
[Round "3"]
[White "POTHURI, ABHIRAM SAI:K06-15560780"]
[Black "HARDAWAY, BREWINGTON:K06-15728407"]
[Result "1-0"]
[ICCResult "Black checkmated"]
[WhiteElo "1948"]
[BlackElo "2240"]
[Opening "Sicilian: Kan, 5.Bd3"]
[ECO "B42"]
[NIC "SI.42"]
[Time "17:00:12"]
[PlyCount "115"]
[TimeControl "2400+5"]

1. e4 c5 2. Nf3 e6 3. d4 cxd4 4. Nxd4 a6 5. Bd3 Nf6 6. O-O Qc7 7. Be3 Be7
8. c4 O-O 9. Nc3 b6 10. Rc1 d6 11. f4 Nbd7 12. b4 Bb7 13. f5 exf5 14. Nd5
Qd8 15. Nxf5 Bxd5 16. cxd5 Ne5 17. Bf4 Re8 18. Bxe5 dxe5 19. a3 Bf8 20. Rc6
a5 21. b5 Kh8 22. d6 g6 23. Ne7 Rxe7 24. dxe7 Bxe7 25. Qf3 Kg7 26. g4 Qd4+
27. Kh1 Rf8 28. Rxf6 Bxf6 29. Qxf6+ Kg8 30. Qf3 Qc3 31. g5 Qxa3 32. Bc4
Qxf3+ 33. Rxf3 Kg7 34. Rf6 h6 35. h4 hxg5 36. hxg5 Rb8 37. Rxf7+ Kh8 38.
Ra7 Rc8 39. Bd5 Rc1+ 40. Kg2 Rc2+ 41. Kf3 Rc3+ 42. Kg4 Rc5 43. Bc6 Rc4 44.
Ra6 a4 45. Rxb6 Rc1 46. Ra6 Rb1 47. Rxa4 Rb3 48. Ra8+ Kh7 49. Rb8 Rb1 50.
b6 Rb4 51. b7 Rb1 52. Re8 Rg1+ 53. Kf3 Rf1+ 54. Ke2 Rc1 55. b8=Q Rc2+ 56.
Kd3 Rxc6 57. Qb7+ Rc7 58. Qxc7# { Black checkmated } 1-0

[Event "ICC tourney 2604 (40 5)"]
[Site "Internet Chess Club"]
[Date "2021.06.12"]
[Round "3"]
[White "NATHAN, NITISH SG:K06-15494283"]
[Black "HO, JASPER:K06-16038265"]
[Result "1/2-1/2"]
[ICCResult "Game drawn by mutual agreement"]
[WhiteElo "1941"]
[BlackElo "1794"]
[Opening "Queen's pawn, Mason variation"]
[ECO "D00"]
[NIC "QP.08"]
[Time "17:00:11"]
[PlyCount "68"]
[TimeControl "2400+5"]

1. d4 d5 2. Bf4 Nf6 3. e3 e6 4. Nd2 c5 5. c3 Bd6 6. Bg3 Nc6 7. Ngf3 O-O 8.
Bd3 b6 9. O-O Bb7 10. Ne5 Ne7 11. Qb1 h6 12. Bh4 Nd7 13. Ndf3 Qc7 14. Bb5
Nc6 15. Nxd7 Qxd7 16. Bg3 Bxg3 17. hxg3 Qd6 18. Re1 c4 19. Ba4 a6 20. Bxc6
Bxc6 21. Ne5 b5 22. Nxc6 Qxc6 23. e4 Rab8 24. exd5 exd5 25. a3 a5 26. Qf5
b4 27. axb4 axb4 28. Ra5 bxc3 29. bxc3 Rb5 30. Rea1 Rfb8 31. Ra7 Qg6 32.
Qxg6 fxg6 33. R1a6 R5b6 34. Ra5 Rb5 { Game drawn by mutual agreement }
1/2-1/2

[Event "ICC tourney 2604 (40 5)"]
[Site "Internet Chess Club"]
[Date "2021.06.12"]
[Round "3"]
[White "KAMATH, AYUSH:K06-16652416"]
[Black "BUGAYEV, GEORGE:K06-15696525"]
[Result "0-1"]
[ICCResult "White forfeits on time"]
[WhiteElo "1329"]
[BlackElo "1758"]
[Opening "Caro-Kann: classical, Spassky variation"]
[ECO "B19"]
[NIC "CK.12"]
[Time "17:00:28"]
[PlyCount "106"]
[TimeControl "2400+5"]

1. e4 c6 2. d4 d5 3. Nc3 dxe4 4. Nxe4 Bf5 5. Ng3 Bg6 6. h4 h6 7. Nf3 Nd7 8.
h5 Bh7 9. Bd3 Bxd3 10. Qxd3 Ngf6 11. Bd2 e6 12. O-O-O Be7 13. Ne4 Nxe4 14.
Qxe4 Nf6 15. Qe2 Qd5 16. c4 Qe4 17. Qxe4 Nxe4 18. Be3 O-O 19. g4 Rfd8 20.
Rdg1 Rac8 21. Ne5 c5 22. dxc5 Bxc5 23. b3 Nxf2 24. Bxf2 Bxf2 25. Rf1 Be3+
26. Kb1 f6 27. Ng6 Bc5 28. Rd1 Kf7 29. Rhf1 Rxd1+ 30. Rxd1 Ke8 31. Nf4 Rc6
32. Kb2 Be3 33. Nd3 Rd6 34. Kc2 e5 35. Re1 Bg5 36. c5 Rd4 37. Kc3 Rxg4 38.
b4 Rg2 39. Kb3 Rd2 40. Nb2 Rh2 41. b5 Rxh5 42. c6 bxc6 43. bxc6 Rh3+ 44.
Kc4 Kd8 45. Rd1+ Kc7 46. Kb5 a6+ 47. Kc5 Rc3+ 48. Nc4 Rxc4+ 49. Kxc4 Kxc6
50. Rd8 h5 51. Ra8 Kb7 52. Rg8 Bh6 53. Kd5 h4 { White forfeits on time }
0-1

[Event "ICC tourney 2604 (40 5)"]
[Site "Internet Chess Club"]
[Date "2021.06.12"]
[Round "3"]
[White "GOVINDARAJULA, PRANAY SIDDHARTH:K06-17345554"]
[Black "FENG, ANDREW T:K06-15666552"]
[Result "1-0"]
[ICCResult "Black checkmated"]
[WhiteElo "1333"]
[BlackElo "1919"]
[Opening "QGD semi-Slav: Bogolyubov variation"]
[ECO "D46"]
[NIC "SL.08"]
[Time "17:00:10"]
[PlyCount "127"]
[TimeControl "2400+5"]

1. d4 d5 2. c4 e6 3. Nc3 c6 4. Nf3 Nf6 5. e3 Nbd7 6. Bd3 Be7 7. O-O O-O 8.
Re1 b6 9. Qc2 Bb7 10. cxd5 cxd5 11. Bd2 Rc8 12. Rac1 h6 13. Qd1 Ne4 14. h3
Bd6 15. Bxe4 dxe4 16. Nh2 f5 17. Qb3 Qf6 18. Nb5 Bb8 19. Bb4 Rfd8 20. Nd6
Bxd6 21. Bxd6 Qf7 22. Nf1 Nf6 23. Rxc8 Rxc8 24. Nd2 Bd5 25. Qa3 Rc2 26. Nb1
Rc6 27. Bb8 a5 28. Nc3 Bc4 29. Qa4 Qb7 30. Be5 Bd3 31. Bxf6 gxf6 32. d5
exd5 33. Nxd5 Kf7 34. Nf4 Bc2 35. Qb5 Rc5 36. Qe2 Qd7 37. Qh5+ Ke7 38. Qxh6
Qd2 39. Qg7+ Ke8 40. Rf1 Bd3 41. Qg8+ Kd7 42. Qe6+ Kc7 43. Nd5+ Rxd5 44.
Qxd5 Qxb2 45. Re1 Qc3 46. Rd1 Qc2 47. Qb3 Qxb3 48. axb3 Kd6 49. Kh2 Ke7 50.
Rd2 Kf7 51. Kg3 Kg6 52. Kf4 b5 53. f3 b4 54. fxe4 fxe4 55. g4 Kh6 56. h4
Kg7 57. Kf5 Kf7 58. g5 fxg5 59. hxg5 Kg7 60. g6 Kg8 61. Kf6 Kf8 62. g7+ Kg8
63. Rh2 a4 64. Rh8# { Black checkmated } 1-0

[Event "ICC tourney 2604 (40 5)"]
[Site "Internet Chess Club"]
[Date "2021.06.12"]
[Round "3"]
[White "ZHAO, ERICK:K06-15346712"]
[Black "BUCHANAN, ROYAL:K06-15612362"]
[Result "1-0"]
[ICCResult "Black checkmated"]
[WhiteElo "2270"]
[BlackElo "1943"]
[Opening "Sicilian: accelerated fianchetto, Maróczy bind, 6.Be3"]
[ECO "B38"]
[NIC "SI.43"]
[Time "17:00:28"]
[PlyCount "113"]
[TimeControl "2400+5"]

1. e4 c5 2. Nf3 g6 3. d4 cxd4 4. Nxd4 Bg7 5. c4 Nc6 6. Be3 Nf6 7. Nc3 d6 8.
Be2 Bd7 9. O-O O-O 10. f3 Nxd4 11. Bxd4 a5 12. b3 Bc6 13. Qd2 Nd7 14. Bf2
Nc5 15. Rab1 Qc7 16. a3 b6 17. Rfc1 Rfc8 18. Nd5 Qd8 19. Bd4 Bxd4+ 20. Qxd4
Bxd5 21. Qxd5 Qc7 22. Rd1 Ne6 23. Kh1 Qc5 24. b4 Qc7 25. g3 Qc6 26. f4 axb4
27. axb4 Ra2 28. Bf1 Qxd5 29. cxd5 Nf8 30. Rdc1 Rcc2 31. Rxc2 Rxc2 32. Ra1
Rb2 33. Ra4 Kg7 34. Bb5 Kf6 35. Bc6 h6 36. b5 Nh7 37. Ra6 g5 38. Rxb6 gxf4
39. gxf4 Kg6 40. Rb7 Nf6 41. Rxe7 Ng4 42. Re8 Kf6 43. Kg1 Nxh2 44. e5+ dxe5
45. fxe5+ Kf5 46. d6 Kf4 47. d7 Nf3+ 48. Bxf3 Kxf3 49. d8=Q Rb1+ 50. Kh2
Rb2+ 51. Kh3 Rb1 52. Qd3+ Kf4 53. Qxb1 Kf3 54. e6 Kf4 55. exf7 Kg5 56. Qg1+
Kh5 57. Qg4# { Black checkmated } 1-0

[Event "ICC tourney 2604 (40 5)"]
[Site "Internet Chess Club"]
[Date "2021.06.12"]
[Round "3"]
[White "ZOFFER, OSKAR:K06-16471866"]
[Black "YAO, JERRY:K06-15860426"]
[Result "1/2-1/2"]
[ICCResult "Game drawn by repetition"]
[WhiteElo "1680"]
[BlackElo "1893"]
[Opening "Nimzovich-Larsen attack: Indian variation"]
[ECO "A01"]
[NIC "VO.08"]
[Time "17:00:15"]
[PlyCount "223"]
[TimeControl "2400+5"]

1. b3 Nf6 2. Bb2 e6 3. e3 c5 4. Nf3 d5 5. Bb5+ Nc6 6. Ne5 Bd7 7. Nxd7 Qxd7
8. O-O Be7 9. d4 b6 10. dxc5 bxc5 11. Qe2 O-O 12. Nd2 Rab8 13. Bd3 c4 14.
Nxc4 dxc4 15. Bxc4 Qc7 16. a3 a5 17. Rfd1 Rfd8 18. Bd3 Ne5 19. Bb5 Nc6 20.
Rxd8+ Rxd8 21. c3 Qb7 22. b4 Rb8 23. Bd3 axb4 24. cxb4 Nd5 25. b5 Na7 26.
a4 Bf6 27. Bxf6 Nxf6 28. Rb1 Qb6 29. Qd2 Nc6 30. h3 Na5 31. Qc2 g6 32. Rc1
Nd5 33. Be4 Rd8 34. Kh1 Nb4 35. Qb2 Nd3 36. Bxd3 Rxd3 37. Qf6 Rd8 38. Qe7
Nb3 39. Rc7 Rd1+ 40. Kh2 Qd6+ 41. Qxd6 Rxd6 42. Rc6 Rd7 43. Kg3 Na5 44. Ra6
Nc4 45. b6 Rb7 46. a5 Kf8 47. Ra7 Nxa5 48. Rxa5 Rxb6 49. Kf4 Ke7 50. f3 Kf6
51. g4 Rb3 52. g5+ Kg7 53. e4 Rb1 54. h4 Rg1 55. Ra3 Rg2 56. e5 Rg1 57. Ra4
Rg2 58. Ke3 Rg1 59. Ra2 Rh1 60. Ra4 Re1+ 61. Kf4 Rf1 62. Kg3 Rg1+ 63. Kf2
Rc1 64. Re4 Rc2+ 65. Kg3 Rc1 66. Re2 Ra1 67. Rh2 Re1 68. Kf4 Rf1 69. Kg3
Ra1 70. f4 Ra3+ 71. Kg2 Rb3 72. Rh3 Rb2+ 73. Kg3 Ra2 74. Kg4 Rg2+ 75. Rg3
Ra2 76. Kh3 Rb2 77. Kg4 Rc2 78. Kh3 Rd2 79. Kg4 Rf2 80. Rf3 Re2 81. Kg3 Ra2
82. Kg4 Ra4 83. Kg3 Kf8 84. Rb3 Kg7 85. Kg4 Ra1 86. Rg3 Rb1 87. Rf3 Rc1 88.
Kg3 Rd1 89. Kg4 Rg1+ 90. Rg3 Re1 91. Rf3 Re4 92. Kg3 Rd4 93. Kg4 Rc4 94.
Kg3 Ra4 95. Kg4 Ra1 96. Kg3 Rb1 97. Kg4 Rg1+ 98. Rg3 Rh1 99. Rh3 Rxh3 100.
Kxh3 Kf8 101. Kg3 Ke7 102. Kf3 Kd7 103. Ke4 Kc6 104. Kd4 Kb5 105. Kd3 Kc5
106. Kc3 Kd5 107. Kd3 Kc5 108. Kc3 Kd5 109. Kd3 Kc5 110. Kc3 Kd5 111. Kd3
Kc5 112. Kc3 { Game drawn by repetition } 1/2-1/2

[Event "ICC tourney 2604 (40 5)"]
[Site "Internet Chess Club"]
[Date "2021.06.13"]
[Round "4"]
[White "MULLODZHANOV, NATHANIEL:K06-15706544"]
[Black "PATANKAR, VIJAY:K06-16438548"]
[Result "1-0"]
[ICCResult "Black checkmated"]
[WhiteElo "2005"]
[BlackElo "940"]
[Opening "Sicilian: Alapin's variation (2.c3)"]
[ECO "B22"]
[NIC "SI.46"]
[Time "11:00:14"]
[PlyCount "101"]
[TimeControl "2400+5"]

1. e4 c5 2. c3 d5 3. exd5 Qxd5 4. d4 cxd4 5. cxd4 Nf6 6. Nc3 Qd8 7. Nf3 g6
8. Bc4 Bg7 9. O-O Bg4 10. Bxf7+ Kxf7 11. Ne5+ Ke8 12. Nxg4 Nxg4 13. Qxg4
Na6 14. Be3 Qd7 15. Qe2 Nc7 16. Rad1 Nd5 17. Bg5 Nxc3 18. bxc3 h6 19. Bh4
g5 20. Bg3 h5 21. Rfe1 h4 22. Be5 Bxe5 23. Qxe5 Kf7 24. Qxg5 Rag8 25. Qf4+
Ke8 26. Qe4 Rh6 27. f4 Rhg6 28. Rd2 R6g7 29. f5 Rg4 30. Qf3 Kf8 31. Rde2
R8g7 32. f6 Rf7 33. fxe7+ Ke8 34. Qxf7+ Kxf7 35. e8=Q+ Qxe8 36. Rxe8 h3 37.
g3 b5 38. R8e7+ Kf8 39. Rxa7 Rg7 40. Re8+ Kxe8 41. Rxg7 Kf8 42. Rh7 Ke8 43.
d5 b4 44. cxb4 Kd8 45. d6 Ke8 46. Re7+ Kd8 47. g4 Kc8 48. g5 Kd8 49. g6 Kc8
50. g7 Kd8 51. g8=Q# { Black checkmated } 1-0

[Event "ICC tourney 2604 (40 5)"]
[Site "Internet Chess Club"]
[Date "2021.06.13"]
[Round "4"]
[White "YU, DYLAN:K06-15800955"]
[Black "SHOME, ANIRUDH:K06-15937035"]
[Result "1-0"]
[ICCResult "Black forfeits on time"]
[WhiteElo "1763"]
[BlackElo "1082"]
[Opening "Queen's Pawn"]
[ECO "A41"]
[NIC "QO.17"]
[Time "11:00:16"]
[PlyCount "99"]
[TimeControl "2400+5"]

1. d4 d6 2. Nf3 Nf6 3. e3 g6 4. Bd3 Bg7 5. Nbd2 O-O 6. O-O Nc6 7. e4 Nd7 8.
c3 e5 9. d5 Ne7 10. Re1 f5 11. c4 f4 12. Ng5 Nc5 13. Nb3 Nxb3 14. axb3 Nxd5
15. cxd5 Qxg5 16. f3 Qh4 17. Qc2 Qxe1+ 18. Bf1 Qh4 19. Qxc7 Qd8 20. Qc3 Bd7
21. Qb4 Qb6+ 22. Qxb6 axb6 23. Rb1 Rfc8 24. Bd2 Rc2 25. Bc3 Rc8 26. Bd3
R8xc3 27. bxc3 Rxc3 28. Be2 Rc5 29. Kf1 Bb5 30. Bxb5 Rxb5 31. Ke2 Kf7 32.
Kd3 Ra5 33. Rb2 Kf6 34. Kc4 Rc5+ 35. Kd3 h5 36. b4 Rc7 37. h3 g5 38. Ra2
Rc8 39. Ra7 Rb8 40. Kc4 Ke7 41. Kb5 Kd7 42. Kxb6 Bf6 43. Rxb7+ Rxb7+ 44.
Kxb7 Bd8 45. b5 Ba5 46. b6 Bb4 47. Ka8 Ba5 48. b7 Bc7 49. b8=Q Bxb8 50.
Kxb8 { Black forfeits on time } 1-0

[Event "ICC tourney 2604 (40 5)"]
[Site "Internet Chess Club"]
[Date "2021.06.13"]
[Round "4"]
[White "ABE, ABISAYO:K06-15761580"]
[Black "ZOFFER, OSKAR:K06-16471866"]
[Result "0-1"]
[ICCResult "White resigns"]
[WhiteElo "1762"]
[BlackElo "1680"]
[Opening "Queen's pawn game, Darooha variation "]
[ECO "D02"]
[NIC "QP.06"]
[Time "11:00:29"]
[PlyCount "118"]
[TimeControl "2400+5"]

1. d4 Nf6 2. Nf3 d5 3. g3 Bf5 4. Bg2 e6 5. O-O Bd6 6. Nh4 Be4 7. f3 Bg6 8.
Nxg6 hxg6 9. e4 Be7 10. Nc3 c6 11. Be3 Qb6 12. b3 Na6 13. Na4 Qb5 14. Nb2
c5 15. Re1 cxd4 16. Bxd4 Bc5 17. exd5 Bxd4+ 18. Qxd4 Qxd5 19. Qxd5 Nxd5 20.
f4 O-O-O 21. Nc4 Nab4 22. Ne5 Rhf8 23. a3 Nc6 24. c4 Nde7 25. Nxc6 Nxc6 26.
Bxc6 bxc6 27. Red1 c5 28. b4 Kc7 29. Kf2 f6 30. Ke2 e5 31. fxe5 fxe5 32.
Rxd8 Rxd8 33. Rd1 Rh8 34. h4 g5 35. hxg5 Rh2+ 36. Kf3 Rc2 37. Rd5 Rc3+ 38.
Kg2 Rxc4 39. Rxc5+ Rxc5 40. bxc5 Kc6 41. Kf3 Kxc5 42. Ke4 Kd6 43. g6 Ke6
44. a4 a5 45. g4 Kd6 46. Kd3 Kd5 47. Ke3 e4 48. g5 Ke5 49. Kd2 Kf4 50. Ke2
Kxg5 51. Ke3 Kf5 52. Kf2 Kxg6 53. Ke3 Kf5 54. Ke2 Kf4 55. Kf2 e3+ 56. Ke2
g5 57. Kf1 Kf3 58. Ke1 e2 59. Kd2 Kf2 { White resigns } 0-1

[Event "ICC tourney 2604 (40 5)"]
[Site "Internet Chess Club"]
[Date "2021.06.13"]
[Round "4"]
[White "KAMATH, AYUSH:K06-16652416"]
[Black "JARGALSAIKHAN, OCHIR:K06-30018301"]
[Result "0-1"]
[ICCResult "White forfeits on time"]
[WhiteElo "1329"]
[BlackElo "1492"]
[Opening "Sicilian: Grand Prix attack"]
[ECO "B23"]
[NIC "SI.44"]
[Time "11:00:16"]
[PlyCount "130"]
[TimeControl "2400+5"]

1. e4 c5 2. Nc3 Nc6 3. f4 g6 4. Nf3 Bg7 5. Bb5 e6 6. Bxc6 dxc6 7. d3 Ne7 8.
O-O b6 9. Be3 O-O 10. Qe1 Ba6 11. Qh4 f5 12. Ng5 h6 13. Nxe6 Qd6 14. Nxf8
Rxf8 15. e5 Qe6 16. Rad1 Rd8 17. Rd2 Rd7 18. Rfd1 Nd5 19. Bf2 Nxc3 20. bxc3
Qxa2 21. d4 Qc4 22. Qg3 Kh7 23. h3 cxd4 24. Rxd4 Rxd4 25. Rxd4 Qf7 26. Qe3
Bc8 27. Rd6 Be6 28. Bh4 Bf8 29. Rxc6 Bc5 30. Rxc5 bxc5 31. Qxc5 Qd7 32. Bf6
Kg8 33. Qd4 Kf7 34. Kf2 a5 35. Ke1 Qc6 36. Qd8 Qxc3+ 37. Kd1 g5 38. Qe7+
Kg6 39. Qe8+ Bf7 40. Qd7 Qa1+ 41. Kd2 a4 42. Qd6 Kh5 43. Bg7 Bg6 44. g4+
fxg4 45. hxg4+ Kxg4 46. Qxg6 Qd4+ 47. Qd3 Qxf4+ 48. Qe3 Qb4+ 49. Ke2 a3 50.
Qf3+ Kh4 51. Qh1+ Kg4 52. Qg2+ Kf5 53. Qf3+ Kg6 54. Qf6+ Kh5 55. Qf3+ g4
56. Qh1+ Kg5 57. Qxh6+ Kf5 58. Qf6+ Ke4 59. Qg6+ Kf4 60. Bh6+ Kg3 61. Qd3+
Kg2 62. Qd5+ Kg3 63. Qd3+ Kg2 64. Qd5+ Kg3 65. Qd3+ Kg2 { White forfeits on
time } 0-1

[Event "ICC tourney 2604 (40 5)"]
[Site "Internet Chess Club"]
[Date "2021.06.13"]
[Round "4"]
[White "LIU, DAVIDSIQI:K06-15612561"]
[Black "GAW, CHLOE:K06-16608942"]
[Result "1-0"]
[ICCResult "Black checkmated"]
[WhiteElo "1933"]
[BlackElo "1719"]
[Opening "Sicilian: closed, 2...Nc6"]
[ECO "B23"]
[NIC "SI.44"]
[Time "11:00:20"]
[PlyCount "113"]
[TimeControl "2400+5"]

1. e4 c5 2. Nc3 Nc6 3. Bb5 Nd4 4. Bc4 e6 5. Nf3 Ne7 6. Nxd4 cxd4 7. Ne2 Nc6
8. c3 dxc3 9. Nxc3 Bb4 10. O-O O-O 11. d4 Bxc3 12. bxc3 d5 13. exd5 exd5
14. Bd3 Qf6 15. Qh5 h6 16. Qxd5 Re8 17. Bd2 b6 18. Rfe1 Bb7 19. Qd7 Re7 20.
Rxe7 Qxe7 21. Qf5 g6 22. Qg4 Re8 23. f4 Kg7 24. Rf1 Qd6 25. f5 Ba8 26. f6+
Kh7 27. Bxh6 Rh8 28. Bg7 Kg8 29. Bxh8 Kxh8 30. Qh4+ Kg8 31. Qh6 Qf8 32.
Qxf8+ Kxf8 33. Be4 Bb7 34. Bxc6 Bxc6 35. Kf2 Bd5 36. a3 Be6 37. d5 Bd7 38.
Re1 Bb5 39. Re7 a6 40. d6 Kg8 41. d7 Bxd7 42. Rxd7 b5 43. Rd8+ Kh7 44. Ra8
g5 45. Rxa6 Kg6 46. Ra5 Kxf6 47. Rxb5 Kg6 48. a4 f5 49. a5 g4 50. a6 f4 51.
a7 g3+ 52. hxg3 fxg3+ 53. Kxg3 Kf6 54. a8=Q Kg6 55. Qc6+ Kh7 56. Rb7+ Kh8
57. Qc8# { Black checkmated } 1-0

[Event "ICC tourney 2604 (40 5)"]
[Site "Internet Chess Club"]
[Date "2021.06.13"]
[Round "4"]
[White "HARDAWAY, BREWINGTON:K06-15728407"]
[Black "GOVINDARAJULA, PRANAY SIDDHARTH:K06-17345554"]
[Result "1-0"]
[ICCResult "Black resigns"]
[WhiteElo "2240"]
[BlackElo "1333"]
[Opening "Alekhine's defense: exchange variation"]
[ECO "B02"]
[NIC "AL.08"]
[Time "11:00:13"]
[PlyCount "75"]
[TimeControl "2400+5"]

1. e4 Nf6 2. e5 Nd5 3. c4 Nb6 4. d4 d6 5. exd6 exd6 6. Nc3 Be7 7. Be2 O-O
8. Nf3 Be6 9. d5 Bg4 10. Qd3 N8d7 11. b3 Bf6 12. Bb2 Re8 13. O-O Nc5 14.
Qc2 Qe7 15. Ng5 Bxg5 16. Bxg4 Bf6 17. Bf3 Be5 18. g3 Qf6 19. Bg2 a6 20.
Rad1 Rad8 21. Kh1 h5 22. f4 Bxc3 23. Bxc3 Qh6 24. Rg1 Re7 25. f5 Qh7 26.
Rd2 f6 27. Rd4 Rde8 28. Bf3 Re3 29. Rf1 R3e5 30. Rf4 Re3 31. Rh4 Rxf3 32.
Rxf3 Qh6 33. Rff4 Ncd7 34. Qd1 g5 35. fxg6 Qxg6 36. Rxh5 Ne5 37. Bxe5 Rxe5
38. Rxe5 { Black resigns } 1-0

[Event "ICC tourney 2604 (40 5)"]
[Site "Internet Chess Club"]
[Date "2021.06.13"]
[Round "4"]
[White "GOLDSTEIN, ARAV MICAH:K06-15497770"]
[Black "TAO, SIHAN:K06-16931716"]
[Result "0-1"]
[ICCResult "White checkmated"]
[WhiteElo "1635"]
[BlackElo "1530"]
[Opening "Sicilian: Alapin's variation (2.c3)"]
[ECO "B22"]
[NIC "SI.46"]
[Time "11:00:19"]
[PlyCount "82"]
[TimeControl "2400+5"]

1. e4 c5 2. c3 Nf6 3. e5 Nd5 4. d4 e6 5. Nf3 d6 6. Bc4 dxe5 7. Nxe5 Nb6 8.
Bb5+ Bd7 9. Nxd7 N8xd7 10. Be3 Nd5 11. O-O a6 12. Be2 Bd6 13. Bf3 Nxe3 14.
fxe3 Qc7 15. g3 h5 16. Bg2 h4 17. Qf3 O-O-O 18. Nd2 hxg3 19. Ne4 gxh2+ 20.
Kh1 Nf6 21. Nxf6 gxf6 22. Qxf6 Rh7 23. Be4 Be7 24. Qf3 Rg7 25. b4 c4 26. a4
Rdg8 27. b5 f5 28. Bc2 Qg3 29. Qxg3 Rxg3 30. bxa6 bxa6 31. a5 Bg5 32. Kxh2
Bxe3 33. Ba4 Rg2+ 34. Kh1 R2g6 35. Ra2 Bg1 36. Rxg1 Rxg1+ 37. Kh2 R1g6 38.
Bd7+ Kxd7 39. Rg2 Rxg2+ 40. Kh3 R2g7 41. Kh4 Rh7# { White checkmated } 0-1

[Event "ICC tourney 2604 (40 5)"]
[Site "Internet Chess Club"]
[Date "2021.06.13"]
[Round "4"]
[White "BAYYARAPU, MOHIT SREEJAN:K06-15582120"]
[Black "TEITELMAN, AIDEN:K06-15429990"]
[Result "1-0"]
[ICCResult "Black checkmated"]
[WhiteElo "1742"]
[BlackElo "1710"]
[Opening "Sicilian: Kan, 5.Nc3"]
[ECO "B43"]
[NIC "SI.44"]
[Time "11:00:15"]
[PlyCount "121"]
[TimeControl "2400+5"]

1. e4 c5 2. Nc3 e6 3. Nf3 a6 4. d4 cxd4 5. Nxd4 Qc7 6. a3 Nf6 7. Be3 d6 8.
f3 Be7 9. Qd2 O-O 10. g4 Nc6 11. h4 d5 12. exd5 Nxd4 13. Bxd4 Rd8 14. Bd3
Nxd5 15. Nxd5 Rxd5 16. Bc3 Bd7 17. O-O-O Rc8 18. Bb4 Bxb4 19. axb4 Bb5 20.
Qe2 Qf4+ 21. Kb1 Qxb4 22. Qe4 Qc5 23. Qxh7+ Kf8 24. Bxb5 Rxd1+ 25. Rxd1
axb5 26. Qd3 b4 27. Qd6+ Qxd6 28. Rxd6 Ke7 29. Rb6 Rc7 30. Rxb4 Kf6 31. Rb5
Rd7 32. Kc1 Ke7 33. Rb3 Kf6 34. Rb5 Ke7 35. c3 Kd8 36. Kc2 Kc7 37. Rg5 g6
38. h5 gxh5 39. gxh5 f6 40. Rg6 Rf7 41. h6 Kd6 42. Rg7 Ke7 43. Rg1 Rh7 44.
Rh1 f5 45. b4 Kf6 46. c4 Kg6 47. c5 Rxh6 48. Rxh6+ Kxh6 49. b5 Kg5 50. c6
bxc6 51. bxc6 Kf4 52. c7 Kxf3 53. c8=Q e5 54. Qxf5+ Kg3 55. Qxe5+ Kh4 56.
Kd3 Kg4 57. Ke3 Kh3 58. Kf3 Kh4 59. Qg7 Kh5 60. Kf4 Kh4 61. Qh8# { Black
checkmated } 1-0

[Event "ICC tourney 2604 (40 5)"]
[Site "Internet Chess Club"]
[Date "2021.06.13"]
[Round "4"]
[White "NATHAN, NITISH SG:K06-15494283"]
[Black "POTHURI, ABHIRAM SAI:K06-15560780"]
[Result "0-1"]
[ICCResult "White checkmated"]
[WhiteElo "1941"]
[BlackElo "1948"]
[Opening "Queen's pawn: London system"]
[ECO "A45"]
[NIC "QP.07"]
[Time "11:00:15"]
[PlyCount "68"]
[TimeControl "2400+5"]

1. d4 Nf6 2. Bf4 c5 3. e3 Nd5 4. Bg3 Qb6 5. b3 g6 6. c3 Bg7 7. Nf3 O-O 8.
Bc4 Nf6 9. Nbd2 d5 10. Bd3 Bg4 11. h3 Bxf3 12. Nxf3 Ne4 13. Bxe4 dxe4 14.
Nd2 f5 15. Nc4 Qc6 16. O-O Nd7 17. Rc1 Rad8 18. Qe2 b5 19. Na5 Qb6 20. b4
c4 21. Rfd1 Nf6 22. Be5 Nd5 23. Bxg7 Kxg7 24. g3 Rd6 25. Kh2 g5 26. Qh5 Rg6
27. Rg1 g4 28. Kg2 Qf6 29. hxg4 Rg5 30. Qh2 fxg4 31. Kf1 Nxe3+ 32. Ke1 Qf3
33. Nc6 Rh5 34. Qxh5 Qxf2# { White checkmated } 0-1